| TOP OF THE 1ST |
|
University of Alabama Crimson Tide batting - Pitching for University of Minnesota Golden Gophers : RHP Josh Sheets
|
|
Pitching: RHP Josh Sheets
|
|
|
Batting: RHB Danny Rosario
|
0-0: Ball 1-0: Foul Ball, location: 2F 1-1: Called Strike 1-2: Ball 2-2: Ball 3-2: Foul Ball, location: 2F 3-2: Foul Ball, location: 2F 3-2: Base on Balls
|
|
Batting: LHB Brian Van
|
0-0: Called Strike 0-1: Called Strike 0-2: Ball 1-2: Ball 2-2: Foul Ball, location: 2F 2-2: Ball 3-2: SINGLE (Groundball, 3D, EV 103.1 MPH) Danny Rosario to second Runner from 2nd tries for 3rd, SAFE, throw by RF made to third
|
|
Batting: LHB Danny Schultz
|
0-0: Foul Ball, location: 2F 0-1: Ball 1-1: Swinging Strike 1-2: Foul Ball, location: 2F 1-2: Ball 2-2: DOUBLE (Line Drive, 78XD, EV 111.9 MPH) Danny Rosario scores Brian Van to third
|
|
Batting: RHB Matt Williams
|
0-0: Called Strike 0-1: Ground out U3 (Groundball, 34, EV 106.2 MPH) Brian Van scores Danny Schultz to third
|
|
Batting: RHB Juan Araiza
|
0-0: Called Strike 0-1: Ball 1-1: Foul Ball, location: 2F 1-2: Ball 2-2: Ball 3-2: Foul Ball, location: 2F 3-2: Fly out, F9 (Flyball, 9D, EV 87.5 MPH) Runner from 3rd tags up, SCORES, throw by RF
|
|
Batting: LHB Yu-shu Ni
|
0-0: Called Strike 0-1: Called Strike 0-2: Ball 1-2: Foul Ball, location: 2F 1-2: Foul Ball, location: 2F 1-2: Fly out, F9 (Flyball, 89M, EV 84.4 MPH)
|
| Top of the 1st over - 3 runs, 2 hits, 0 errors, 0 left on base; University of Alabama 3 - University of Minnesota 0 |
| BOTTOM OF THE 1ST |
|
University of Minnesota Golden Gophers batting - Pitching for University of Alabama Crimson Tide : RHP Jihei Nomura
|
|
Pitching: RHP Jihei Nomura
|
|
|
Batting: LHB Alex Villa
|
0-0: Ball 1-0: Called Strike 1-1: Foul Ball, location: 2F 1-2: Foul Ball, location: 2F 1-2: Ball 2-2: Ball 3-2: SINGLE (Groundball, 6D, EV 97.5 MPH)
|
|
Batting: RHB Tatsuyoshi Ikeda
|
0-0: Ball Alex Villa is caught stealing 2nd base 2-4 1-0: SINGLE (Line Drive, 34, EV 94.4 MPH)
|
|
Batting: LHB Dick Shafer
|
0-0: Called Strike Tatsuyoshi Ikeda steals 2nd base 0-1: Fly out, F7 (Flyball, 78D, EV 73.8 MPH)
|
|
Batting: RHB Ozzie Buendia
|
0-0: Ball 1-0: Called Strike 1-1: Ball 2-1: Ground out U3 (Groundball, 34, EV 99.4 MPH)
|
| Bottom of the 1st over - 0 runs, 2 hits, 0 errors, 1 left on base; University of Alabama 3 - University of Minnesota 0 |
| TOP OF THE 2ND |
|
University of Alabama Crimson Tide batting - Pitching for University of Minnesota Golden Gophers : RHP Josh Sheets
|
|
Batting: RHB B.J. Clark
|
0-0: Swinging Strike 0-1: Ball 1-1: Called Strike 1-2: Strikes out looking
|
|
Batting: RHB David Sanchez
|
0-0: Swinging Strike 0-1: Fly out, F8 (Flyball, 89M, EV 77.5 MPH)
|
|
Batting: RHB Hughie Withers
|
0-0: SINGLE (Line Drive, 7LS, EV 88.1 MPH)
|
|
Batting: RHB Danny Rosario
|
0-0: Called Strike 0-1: Foul Ball, location: 2F 0-2: Ball 1-2: Ball 2-2: Strikes out swinging
|
| Top of the 2nd over - 0 runs, 1 hit, 0 errors, 1 left on base; University of Alabama 3 - University of Minnesota 0 |
| BOTTOM OF THE 2ND |
|
University of Minnesota Golden Gophers batting - Pitching for University of Alabama Crimson Tide : RHP Jihei Nomura
|
|
Batting: LHB Jose Moncada
|
0-0: Called Strike 0-1: Ground out 4-3 (Groundball, 4S, EV 60.0 MPH)
|
|
Batting: RHB Jarrod Strickhouser
|
0-0: Fly out, F9 (Line Drive, 9, EV 85.6 MPH)
|
|
Batting: LHB Ivan Villegas
|
0-0: Ball 1-0: Foul Ball, location: 2F 1-1: Swinging Strike 1-2: Ball 2-2: Ball 3-2: Strikes out looking
|
| Bottom of the 2nd over - 0 runs, 0 hits, 0 errors, 0 left on base; University of Alabama 3 - University of Minnesota 0 |
| TOP OF THE 3RD |
|
University of Alabama Crimson Tide batting - Pitching for University of Minnesota Golden Gophers : RHP Josh Sheets
|
|
Batting: LHB Brian Van
|
0-0: Called Strike 0-1: Ball 1-1: Foul Ball, location: 2F 1-2: Ball 2-2: Foul Ball, location: 2F 2-2: Ground out 4-3 (Groundball, 4, EV 88.8 MPH)
|
|
Batting: LHB Danny Schultz
|
0-0: Ball 1-0: Ball 2-0: Fly out, F9 (Flyball, 89S, EV 87.5 MPH)
|
|
Batting: RHB Matt Williams
|
0-0: Ball 1-0: Ball 2-0: Fly out, F7 (Flyball, 7S, EV 87.5 MPH)
|
| Top of the 3rd over - 0 runs, 0 hits, 0 errors, 0 left on base; University of Alabama 3 - University of Minnesota 0 |
| BOTTOM OF THE 3RD |
|
University of Minnesota Golden Gophers batting - Pitching for University of Alabama Crimson Tide : RHP Jihei Nomura
|
|
Batting: LHB Bobby Agterberg
|
0-0: Foul Ball, location: 2F 0-1: Ball 1-1: Swinging Strike 1-2: Foul Ball, location: 2F 1-2: Strikes out swinging
|
|
Batting: RHB Jason Mooris
|
0-0: Ball 1-0: Fly out, F8 (Flyball, 78D, EV 76.2 MPH)
|
|
Batting: LHB Alex Villa
|
0-0: Ball 1-0: DOUBLE (Line Drive, 8LXD, EV 105.0 MPH)
|
|
Batting: RHB Tatsuyoshi Ikeda
|
0-0: Swinging Strike 0-1: Ball 1-1: Foul Ball, location: 2F 1-2: Ball 2-2: Ball 3-2: Foul Ball, location: 2F 3-2: Base on Balls
|
|
Batting: LHB Dick Shafer
|
0-0: Ball 1-0: Ball 2-0: Called Strike 2-1: Foul Ball, location: 2F 2-2: Ground out 4-3 (Groundball, 4, EV 88.8 MPH)
|
| Bottom of the 3rd over - 0 runs, 1 hit, 0 errors, 2 left on base; University of Alabama 3 - University of Minnesota 0 |
| TOP OF THE 4TH |
|
University of Alabama Crimson Tide batting - Pitching for University of Minnesota Golden Gophers : RHP Josh Sheets
|
|
Batting: RHB Juan Araiza
|
0-0: Ball 1-0: Called Strike 1-1: Ball 2-1: Foul Ball, location: 2F 2-2: Strikes out swinging
|
|
Batting: LHB Yu-shu Ni
|
0-0: Foul Ball, location: 2F 0-1: Called Strike 0-2: Strikes out swinging
|
|
Batting: RHB B.J. Clark
|
0-0: Called Strike 0-1: Foul Ball, location: 2F 0-2: Ball 1-2: Ball 2-2: Foul Ball, location: 2F 2-2: Ball 3-2: Foul Ball, location: 2F 3-2: Strikes out swinging, 2-3 out at first.
|
| Top of the 4th over - 0 runs, 0 hits, 0 errors, 0 left on base; University of Alabama 3 - University of Minnesota 0 |
| BOTTOM OF THE 4TH |
|
University of Minnesota Golden Gophers batting - Pitching for University of Alabama Crimson Tide : RHP Jihei Nomura
|
|
Batting: RHB Ozzie Buendia
|
0-0: Ground out U3 (Groundball, 3, EV 77.5 MPH)
|
|
Batting: LHB Jose Moncada
|
0-0: Fly out, F9 (Flyball, 9D, EV 107.5 MPH)
|
|
Batting: RHB Jarrod Strickhouser
|
0-0: Fly out, F9 (Flyball, 89M, EV 85.0 MPH)
|
| Bottom of the 4th over - 0 runs, 0 hits, 0 errors, 0 left on base; University of Alabama 3 - University of Minnesota 0 |
| TOP OF THE 5TH |
|
University of Alabama Crimson Tide batting - Pitching for University of Minnesota Golden Gophers : RHP Josh Sheets
|
|
Batting: RHB David Sanchez
|
0-0: Ball 1-0: SOLO HOME RUN (Flyball, 7LD, EV 88.8 MPH), Distance : 335 ft
|
|
Batting: RHB Hughie Withers
|
0-0: Called Strike 0-1: Swinging Strike 0-2: Ball 1-2: Ball 2-2: Strikes out swinging
|
|
Pitching: LHP Bing-zhong Sung
|
|
|
Batting: RHB Danny Rosario
|
0-0: Ball 1-0: Called Strike 1-1: Fly out, F6 (Popup, P, EV 82.5 MPH)
|
|
Batting: LHB Brian Van
|
0-0: Called Strike 0-1: Called Strike 0-2: Ball 1-2: Fly out, F7 (Flyball, 78D, EV 103.1 MPH)
|
| Top of the 5th over - 1 run, 1 hit, 0 errors, 0 left on base; University of Alabama 4 - University of Minnesota 0 |
| BOTTOM OF THE 5TH |
|
University of Minnesota Golden Gophers batting - Pitching for University of Alabama Crimson Tide : RHP Jihei Nomura
|
|
Batting: LHB Ivan Villegas
|
0-0: Ball 1-0: Ground out U3 (Groundball, 3, EV 91.9 MPH)
|
|
Batting: LHB Bobby Agterberg
|
0-0: Swinging Strike 0-1: Ball 1-1: Fly out, F5 (Popup, 56, EV 61.9 MPH)
|
|
Batting: RHB Jason Mooris
|
0-0: Called Strike 0-1: Ball 1-1: Ball 2-1: SINGLE (Groundball, 56D, EV 102.5 MPH)
|
|
Batting: LHB Alex Villa
|
0-0: Ball 1-0: Called Strike 1-1: Ball 2-1: Ball 3-1: Called Strike 3-2: SINGLE (Flyball, 4D, EV 93.1 MPH) Jason Mooris to second Jason Mooris to third
|
|
Batting: RHB Tatsuyoshi Ikeda
|
0-0: Foul Ball, location: 2F 0-1: Foul Ball, location: 2F 0-2: Ground out 4-3 (Groundball, 4S, EV 83.8 MPH)
|
| Bottom of the 5th over - 0 runs, 2 hits, 0 errors, 2 left on base; University of Alabama 4 - University of Minnesota 0 |
| TOP OF THE 6TH |
|
University of Alabama Crimson Tide batting - Pitching for University of Minnesota Golden Gophers : LHP Bing-zhong Sung
|
|
Batting: LHB Danny Schultz
|
0-0: Ball 1-0: Foul Ball, location: 2F 1-1: Reached via error on a dropped throw from 1B, E1 (Groundball, 34S, EV 82.5 MPH)
|
|
Batting: RHB Matt Williams
|
0-0: Called Strike 0-1: Called Strike 0-2: Ball 1-2: Strikes out swinging
|
|
Batting: RHB Juan Araiza
|
0-0: Ball 1-0: Foul Ball, location: 2F 1-1: Ball 2-1: Called Strike 2-2: Fielders Choice at 2nd, 4-6 (Groundball, 13, EV 87.5 MPH)
|
|
Batting: LHB Yu-shu Ni
|
0-0: Foul Ball, location: 2F 0-1: SINGLE (Line Drive, 56D, EV 105.6 MPH) Juan Araiza to second
|
|
Batting: RHB B.J. Clark
|
0-0: Foul Ball, location: 2F 0-1: Ball 1-1: Ball 2-1: Foul Ball, location: 2F 2-2: Foul Ball, location: 2F 2-2: Ball 3-2: Base on Balls Juan Araiza to third Yu-shu Ni to second
|
|
Batting: RHB David Sanchez
|
0-0: Ball 1-0: Ball 2-0: Called Strike 2-1: Ball 3-1: Foul Ball, location: 2F 3-2: Strikes out swinging
|
| Top of the 6th over - 0 runs, 1 hit, 1 error, 3 left on base; University of Alabama 4 - University of Minnesota 0 |
| BOTTOM OF THE 6TH |
|
University of Minnesota Golden Gophers batting - Pitching for University of Alabama Crimson Tide : RHP Jihei Nomura
|
|
Batting: LHB Dick Shafer
|
0-0: Ball 1-0: Swinging Strike 1-1: Fly out, F9 (Flyball, 89S, EV 73.8 MPH)
|
|
Batting: RHB Ozzie Buendia
|
0-0: Ground out 4-3 (Groundball, 4, EV 83.8 MPH)
|
|
Batting: LHB Jose Moncada
|
0-0: Ball 1-0: Ball 2-0: Called Strike 2-1: Swinging Strike 2-2: Fly out, F9 (Line Drive, 9LS, EV 93.8 MPH)
|
| Bottom of the 6th over - 0 runs, 0 hits, 0 errors, 0 left on base; University of Alabama 4 - University of Minnesota 0 |
| TOP OF THE 7TH |
|
University of Alabama Crimson Tide batting - Pitching for University of Minnesota Golden Gophers : LHP Bing-zhong Sung
|
|
Pitching: RHP Frank McCarthy
|
|
|
Batting: RHB Hughie Withers
|
0-0: Swinging Strike 0-1: Reached on error, E5 (Groundball, 5L, EV 77.5 MPH)
|
|
Batting: RHB Danny Rosario
|
0-0: Sac Bunt to 3S - play at first, batter OUT! 3-1 Hughie Withers to second
|
|
Batting: LHB Brian Van
|
0-0: Called Strike 0-1: Called Strike 0-2: Foul Ball, location: 2F 0-2: Ball 1-2: Ball 2-2: Foul Ball, location: 2F 2-2: Ground out 1-3 (Groundball, 25, EV 64.4 MPH)
|
|
Batting: LHB Danny Schultz
|
0-0: Ball 1-0: Called Strike 1-1: Ball 2-1: Foul Ball, location: 2F 2-2: Ball 3-2: Strikes out swinging
|
| Top of the 7th over - 0 runs, 0 hits, 1 error, 1 left on base; University of Alabama 4 - University of Minnesota 0 |
| BOTTOM OF THE 7TH |
|
University of Minnesota Golden Gophers batting - Pitching for University of Alabama Crimson Tide : RHP Jihei Nomura
|
|
Pitching: RHP Danny Jaramillo
|
|
|
Batting: RHB Jarrod Strickhouser
|
0-0: Called Strike 0-1: SOLO HOME RUN (Line Drive, 7LD, EV 95.6 MPH), Distance : 347 ft
|
|
Batting: LHB Ivan Villegas
|
0-0: Foul Ball, location: 2F 0-1: Called Strike 0-2: Ball 1-2: Ball 2-2: Strikes out looking
|
|
Batting: LHB Bobby Agterberg
|
0-0: Swinging Strike 0-1: Ball 1-1: Foul Ball, location: 2F 1-2: Ball 2-2: Ball 3-2: Foul Ball, location: 2F 3-2: Foul Ball, location: 2F 3-2: Foul Ball, location: 2F 3-2: Strikes out swinging
|
|
Batting: RHB Jason Mooris
|
0-0: Ball 1-0: Foul Ball, location: 2F 1-1: Foul Ball, location: 2F 1-2: Ball 2-2: Foul Ball, location: 2F 2-2: Fly out, F8 (Line Drive, 8RM, EV 110.0 MPH)
|
| Bottom of the 7th over - 1 run, 1 hit, 0 errors, 0 left on base; University of Alabama 4 - University of Minnesota 1 |
| TOP OF THE 8TH |
|
University of Alabama Crimson Tide batting - Pitching for University of Minnesota Golden Gophers : RHP Frank McCarthy
|
|
Pitching: RHP Mike Binns
|
|
|
Batting: RHB Matt Williams
|
0-0: Ball 1-0: SINGLE (Flyball, 34D, EV 86.2 MPH)
|
|
Batting: RHB Juan Araiza
|
0-0: Ball 1-0: Foul Ball, location: 2F 1-1: Ball Wild Pitch! Matt Williams to second 2-1: Fly out, F9 (Flyball, 89D, EV 98.8 MPH) Runner from 2nd tags up, SAFE at 3rd, no throw by RF
|
|
Batting: LHB Yu-shu Ni
|
0-0: Intentional Walk
|
|
Batting: RHB B.J. Clark
|
0-0: Ball 1-0: Ball 2-0: Foul Ball, location: 2F 2-1: Ball 3-1: Ground out 5-3 (Groundball, 56S, EV 63.8 MPH) Yu-shu Ni to second
|
|
Batting: RHB David Sanchez
|
0-0: Called Strike 0-1: Foul Ball, location: 2F 0-2: Foul Ball, location: 2F 0-2: Strikes out swinging
|
| Top of the 8th over - 0 runs, 1 hit, 0 errors, 2 left on base; University of Alabama 4 - University of Minnesota 1 |
| BOTTOM OF THE 8TH |
|
University of Minnesota Golden Gophers batting - Pitching for University of Alabama Crimson Tide : RHP Danny Jaramillo
|
|
Batting: LHB Alex Villa
|
0-0: Foul Ball, location: 2F 0-1: Ball 1-1: Ball 2-1: Foul Ball, location: 2F 2-2: Ball 3-2: Ground out 6-3 (Groundball, 6, EV 79.4 MPH)
|
|
Batting: RHB Tatsuyoshi Ikeda
|
0-0: Ball 1-0: Swinging Strike 1-1: Swinging Strike 1-2: Ball 2-2: Strikes out swinging
|
|
Batting: LHB Dick Shafer
|
0-0: Foul Ball, location: 2F 0-1: Foul Ball, location: 2F 0-2: Fly out, F8 (Flyball, 78M, EV 91.9 MPH)
|
| Bottom of the 8th over - 0 runs, 0 hits, 0 errors, 0 left on base; University of Alabama 4 - University of Minnesota 1 |
| TOP OF THE 9TH |
|
University of Alabama Crimson Tide batting - Pitching for University of Minnesota Golden Gophers : RHP Mike Binns
|
|
Batting: RHB Hughie Withers
|
0-0: Ground out 6-3 (Groundball, 6, EV 103.1 MPH)
|
|
Batting: RHB Danny Rosario
|
0-0: DOUBLE (Line Drive, 9LS, EV 105.6 MPH)
|
|
Batting: LHB Brian Van
|
0-0: Called Strike 0-1: Ball 1-1: Called Strike 1-2: Ball 2-2: Foul Ball, location: 2F 2-2: Strikes out swinging
|
|
Batting: LHB Danny Schultz
|
0-0: Fly out, F8 (Flyball, 8RXD, EV 104.4 MPH)
|
| Top of the 9th over - 0 runs, 1 hit, 0 errors, 1 left on base; University of Alabama 4 - University of Minnesota 1 |
| BOTTOM OF THE 9TH |
|
University of Minnesota Golden Gophers batting - Pitching for University of Alabama Crimson Tide : RHP Danny Jaramillo
|
|
Pitching: RHP Luiz Schantz
|
|
|
Batting: RHB Ozzie Buendia
|
0-0: Ball 1-0: Foul Ball, location: 2F 1-1: Fly out, F9 (Flyball, 89S, EV 76.2 MPH)
|
|
Batting: LHB Jose Moncada
|
0-0: Called Strike 0-1: Foul Ball, location: 2F 0-2: Ball 1-2: Ball 2-2: Foul Ball, location: 2F 2-2: Ball 3-2: Base on Balls
|
|
Batting: RHB Jarrod Strickhouser
|
0-0: Ball 1-0: Ball 2-0: Grounds into double play, 6-4-3 (Groundball, 6M, EV 103.8 MPH)
|
| Bottom of the 9th over - 0 runs, 0 hits, 0 errors, 0 left on base; University of Alabama 4 - University of Minnesota 1 |
|